 Dungeon Crawl Stone Soup version 0.31-a0-426-g3a05650e59 (webtiles) character file.

Game seed: 10989323548334853013

2214089 Ofeo the Slayer (level 26, 299/299 (305) HPs)
             Began as a Demonspawn Shapeshifter on July 30, 2023.
             Was a High Priest of Fedhas.
             Escaped with the Orb
             ... and 4 runes!
             The game lasted 02:54:48 (75957 turns).

Ofeo the Slayer (Demonspawn Shapeshifter)          Turns: 75957, Time: 02:54:48

HP:   299/299 (305) AC: 23    Str: 14    XL:     26   Next: 91%
MP:   51/51         EV: 43    Int: 11    God:    Fedhas [*****.]
Gold: 5947          SH:  0    Dex: 34    Spells: 13/37 levels left

rFire   . . .        a - +3 greatsling "Punk" {acid, rCorr}
rCold   + . .        Q - orb {mayhem}
rNeg    . . .        H - +4 troll leather armour {Snorg}
rPois   +            r - +0 helmet of Byawu {rF+ MP+9}
rElec   +            (cloak unavailable)
rCorr   +            X - +2 pair of gloves {Dex+3}
SInv    .            P - +3 pair of seven-league boots {Rampage+∞}
Will    +....        L - amulet of guardian spirit
Stlth   ++           d - ring of the Freezing Gods {Str-3 Int+3 Dex+6 Slay+5}
HPRegen 1.49/turn    o - ring "Apruareq" {rElec rPois MP+9 Int-2 Dex+3}
MPRegen 0.32/turn

%: mayhem, guardian spirit, rampage+∞
@: studying 2 skills, lightly drained
A: icy blue scales 3, demonic guardian 3, foul stench 3, robust 3, weakness
stinger 3, low MP 1, screaming 1, weak 1, heat vulnerability 1, inability to
read after injury 2
0: Orb of Zot
}: 4/15 runes: decaying, serpentine, slimy, silver
a: Renounce Religion, Wall of Briars, Grow Ballistomycete, Overgrow, Grow Oklob


You escaped.
You worshipped Fedhas.
Fedhas was extremely pleased with you.
You visited 12 branches of the dungeon, and saw 54 of its levels.
You visited the Abyss 3 times.
You also visited: Trove, Ice Cave, Wizlab and Desolation.

You collected 10893 gold pieces.
You spent 4946 gold pieces at shops.

Inventory:

Hand Weapons
 a - the +3 greatsling "Punk" (weapon) {acid, rCorr}
   (You bought it in a shop on level 12 of the Dungeon)

   rCorr:     It protects you from acid and corrosion.
 b - a +9 heavy hand crossbow
Missiles
 T - 2 throwing nets
Armour
 r - the +0 helmet of Byawu (worn) {rF+ MP+9}
   (You found it on level 3 of the Snake Pit)

   rF:        It protects you from fire.
   MP:        It affects your magic capacity (+9).
 H - a +4 troll leather armour (worn) {Snorg}
 P - the +3 pair of seven-league boots (worn) {Rampage+∞}
   (You bought it in a shop on level 1 of the Vaults)

   Rampage+∞: When moving toward enemies, its wearer moves as far as possible,
   alerting their target en route.
 Q - an orb of mayhem (worn)
 X - a +2 pair of gloves of dexterity (worn)
 Y - the +14 chain mail of Ejetix {rC++ Int+5 SInv}
   (You found it on level 3 of the Elven Halls)

   Int:       It affects your intelligence (+5).
   rC:        It greatly protects you from cold.
   SInv:      It lets you see invisible.
Jewellery
 c - the amulet of the Chimera {Faith *Slow Str+5 Int+4}
   (You found it in a treasure trove)

   [amulet of faith]

   It allows you to gain divine favour quickly.
   Str:       It affects your strength (+5).
   Int:       It affects your intelligence (+4).
   *Slow:     It may slow you when you take damage.
 d - the ring of the Freezing Gods (left hand) {Str-3 Int+3 Dex+6 Slay+5}
   (You took it off an ironbound convoker in the Desolation of Salt)

   [ring of dexterity]

   Str:       It affects your strength (-3).
   Int:       It affects your intelligence (+3).
   Dex:       It affects your dexterity (+6).
   Slay:      It affects your accuracy & damage with ranged weapons and melee
   (+5).
 e - the ring "Fepp" {rElec rC+ Int+2 Dex+6 Stlth-}
   (You took it off a deep elf archer on level 3 of the Elven Halls)

   [ring of dexterity]

   Int:       It affects your intelligence (+2).
   Dex:       It affects your dexterity (+6).
   rC:        It protects you from cold.
   rElec:     It insulates you from electricity.
   Stlth:     It makes you less stealthy.
 o - the ring "Apruareq" (right hand) {rElec rPois MP+9 Int-2 Dex+3}
   (You bought it in a shop on level 2 of the Orcish Mines)

   [ring of magical power]

   Int:       It affects your intelligence (-2).
   Dex:       It affects your dexterity (+3).
   rElec:     It insulates you from electricity.
   rPois:     It protects you from poison.
   MP:        It affects your magic capacity (+9).
 L - an amulet of guardian spirit (around neck)
 S - the ring "Zanic" {rElec rN+ MP+9 Slay+2}
   (You found it in a treasure trove)

   [ring of magical power]

   Slay:      It affects your accuracy & damage with ranged weapons and melee
   (+2).
   rElec:     It insulates you from electricity.
   rN:        It protects you from negative energy.
   MP:        It affects your magic capacity (+9).
Wands
 k - a wand of digging (33) {@v1}
 p - a wand of flame (117)
 y - a wand of roots (100)
 A - a wand of paralysis (29)
 B - a wand of mindburst (89)
 G - a wand of quicksilver (56)
 J - a wand of polymorph (27)
Scrolls
 i - 31 scrolls of identify {@r1}
 l - 8 scrolls of immolation
 t - a scroll of fog {!r}
 u - 2 scrolls of butterflies
 w - 7 scrolls of amnesia
 z - 21 scrolls of teleportation {@r3}
 D - 10 scrolls of blinking {@r4}
 F - 6 scrolls of fear
 K - 11 scrolls of poison
 M - 4 scrolls of revelation
 R - 2 scrolls of silence
 V - 7 scrolls of enchant armour
Potions
 f - 2 potions of magic
 g - a potion of haste {@q3}
 h - 10 potions of heal wounds {@q2}
 j - a potion of resistance {@q6}
 m - 10 potions of enlightenment
 n - a potion of might {@q4}
 q - 14 potions of curing {@q1}
 s - 7 potions of mutation
 v - 5 potions of invisibility
 x - 4 potions of cancellation
 C - 5 potions of berserk rage
 E - 5 potions of brilliance
 I - 3 potions of attraction
 W - 2 potions of ambrosia
 Z - 5 potions of lignification
Miscellaneous
 N - a lightning rod (4/4)
 O - a phial of floods
 U - a phantom mirror


   Skills:
 + Level 25.2 Fighting
 - Level 18.0 Ranged Weapons
 - Level 12.0 Armour
 + Level 24.8 Dodging
 - Level 10.0 Stealth
 - Level 3.2 Unarmed Combat
 - Level 6.0 Spellcasting
 - Level 6.0 Hexes
 - Level 9.4 Translocations
 - Level 5.6 Ice Magic
 - Level 20.0 Invocations
 - Level 14.0 Evocations
 - Level 6.3 Shapeshifting


You had 13 spell levels left.
You knew the following spells:

 Your Spells              Type           Power      Damage    Failure   Level
a - Blink                 Tloc           48%        N/A       1%          2
b - Ozocubu's Armour      Ice            15%        N/A       7%          3
c - Volatile Blastmotes   Fire/Tloc      26%        2d12      10%         3
d - Portal Projectile     Hex/Tloc       40%        N/A       3%          3
e - Summon Lightning Spi  Summ/Air       3%         N/A       92%         4
f - Leda's Liquefaction   Hex/Erth       4%         N/A       54%         4
g - Borgnjor's Vile Clut  Necr/Erth      1%         N/A       99%         5

Your spell library contained the following spells:

 Spells                   Type           Power      Damage    Failure   Level
 Slow                     Hex            64%        N/A       1%          1
 Lesser Beckoning         Tloc           48%        N/A       1%          2
 Gell's Gravitas          Tloc           24%        N/A       1%          3
 Teleport Other           Tloc           24%        N/A       1%          3
 Ensorcelled Hibernation  Hex/Ice        32%        N/A       3%          2
 Momentum Strike          Conj/Tloc      26%        3d8       4%          2
 Manifold Assault         Tloc           24%        N/A       4%          4
 Passage of Golubria      Tloc           24%        N/A       4%          4
 Confusing Touch          Hex            16%        N/A       6%          3
 Tukima's Dance           Hex            16%        N/A       6%          3
 Vhi's Electric Charge    Tloc/Air       26%        N/A       10%         3
 Dazzling Flash           Conj/Hex       18%        N/A       21%         3
 Inner Flame              Hex/Fire       9%         N/A       21%         3
 Foxfire                  Conj/Fire      12%        2x1d4     22%         1
 Kiss of Death            Conj/Necr      12%        2d6       22%         1
 Shock                    Conj/Air       12%        1d3       22%         1
 Sting                    Tmut/Pois      12%        1d3       22%         1
 Iskenderun's Mystic Bla  Conj/Tloc      13%        2d5       32%         4
 Call Imp                 Summ           6%         N/A       34%         2
 Cigotuvi's Dreadful Rot  Necr/Pois/Air  6%         N/A       34%         2
 Poisonous Vapours        Pois/Air       6%         N/A       34%         2
 Scorch                   Fire           6%         2d5       34%         2
 Sublimation of Blood     Necr           3%         N/A       34%         2
 Wereblood                Tmut           3%         N/A       34%         2
 Metabolic Englaciation   Hex/Ice        8%         N/A       52%         5
 Anguish                  Hex/Necr       4%         N/A       54%         4
 Fulminant Prism          Conj/Hex       4%         3d5       54%         4
 Call Canine Familiar     Summ           3%         N/A       56%         3
 Ignite Poison            Fire/Tmut/Pois 3%         N/A       56%         3
 Stone Arrow              Conj/Erth      6%         3d7       56%         3
 Swiftness                Air            3%         N/A       56%         3
 Vampiric Draining        Necr           3%         2d6       56%         3
 Dispersal                Tloc           12%        N/A       58%         6
 Summon Forest            Summ/Tloc      6%         N/A       67%         5
 Silence                  Hex/Air        4%         N/A       88%         5
 Summon Mana Viper        Hex/Summ       9%         N/A       88%         5
 Yara's Violent Unravell  Hex/Tmut       4%         3d4       88%         5
 Airstrike                Air            1%         2d(1-17)  92%         4
 Animate Armour           Summ/Erth      6%         N/A       92%         4
 Animate Dead             Necr           3%         N/A       92%         4
 Dispel Undead            Necr           3%         3d7       92%         4
 Flame Wave               Conj/Fire      3%         2d5       92%         4
 Olgreb's Toxic Radiance  Pois           3%         N/A       92%         4
 Petrify                  Tmut/Erth      3%         N/A       92%         4
 Freezing Cloud           Conj/Ice/Air   3%         6-21      96%         5
 Agony                    Necr           3%         N/A       99%         5
 Alistair's Intoxication  Tmut/Pois      2%         N/A       99%         5
 Arcjolt                  Conj/Air       1%         1d11      99%         5
 Fireball                 Conj/Fire      1%         3d3       99%         5
 Irradiate                Conj/Tmut      1%         3d12      99%         5
 Iskenderun's Battlesphe  Conj           3%         2d6       99%         5
 Lee's Rapid Deconstruct  Erth           1%         3d4*      99%         5
 Conjure Ball Lightning   Conj/Air       1%         3x3d6     100%        6
 Death Channel            Necr           1%         N/A       100%        6
 Eringya's Noxious Bog    Tmut/Pois      1%         4d6       100%        6
 Leda's Unmaking          Conj/Erth      1%         9d1       100%        6
 Plasma Beam              Fire/Air       1%         2x1d11    100%        6
 Starburst                Conj/Fire      1%         6d3       100%        6
 Summon Cactus Giant      Summ           1%         N/A       100%        6
 Enfeeble                 Hex            8%         N/A       100%        7
 Haunt                    Necr/Summ      1%         N/A       100%        7
 Monstrous Menagerie      Summ           1%         N/A       100%        7
 Orb of Destruction       Conj           1%         9d5       100%        7
 Ozocubu's Refrigeration  Ice            7%         4d9       100%        7
 Spellforged Servitor     Conj/Summ      1%         N/A       100%        7
 Summon Hydra             Summ           1%         N/A       100%        7
 Discord                  Hex            8%         N/A       100%        8
 Disjunction              Tloc           12%        N/A       100%        8
 Infestation              Necr           1%         N/A       100%        8
 Lehudib's Crystal Spear  Conj/Erth      1%         10d2      100%        8
 Maxwell's Capacitive Co  Air            1%         ∞         100%        8
 Summon Horrible Things   Summ           1%         N/A       100%        8
 Death's Door             Necr           1%         N/A       100%        9
 Dragon's Call            Summ           1%         N/A       100%        9
 Shatter                  Erth           1%         3d6*      100%        9


Dungeon Overview and Level Annotations

Branches:
Dungeon (15/15)            Temple (1/1) D:5            Lair (5/5) D:8
  Swamp (4/4) Lair:3        Snake (4/4) Lair:2        Slime (5/5) Lair:4
    Orc (2/2) D:11            Elf (3/3) Orc:2        Vaults (5/5) D:14
  Crypt (1/3) Vaults:2     Depths (4/4) D:15            Zot (5/5) Depths:4
  IceCv (visited)          WizLab (visited)         Desolation (visited)

Altars:
Ashenzari
Cheibriados
Dithmenos
Fedhas
Gozag
Hepliaklqana
Kikubaaqudgha
Makhleb
Nemelex Xobeh
Okawaru
Qazlal
Ru
Sif Muna
Trog
Uskayaw
Vehumet
Wu Jian
Xom
Yredelemnul
Jiyva

Shops:
D:4 [   D:11 [:   D:12 (([?   Orc:2 *=*((   Snake:1 (   Snake:3 ((   Snake:4 (
Vaults:1 [   Vaults:2 *   Vaults:3 (   Depths:2 *:?

Portals:
Hell: Depths:1 Depths:2 Depths:3 Depths:4
Abyss: Depths:3 Depths:4
Pandemonium: Orc:2 Depths:2 Depths:3
Ziggurat: Depths:1

Annotations:
D:4 3 runed translucent doors, CraigForest's ghost, amateur DEBr
D:5 1 exclusion
Snake:4 3 runed translucent doors, MathMan16's ghost, adept MiBe
Slime:5 Royal Jelly


Innate Abilities, Weirdness & Mutations

You are completely covered in icy blue scales. (AC +4, rC+)
A powerful demonic guardian rushes to your aid.
You frequently emit foul miasma when damaged in melee.
You are extremely robust. (+30% HP)
You have a sharp stinger which inflicts weakening toxins.
Your magical capacity is low. (-10% MP)
You occasionally shout uncontrollably at your foes.
You are weak. (Str -2)
You are vulnerable to heat. (rF-)
You sometimes lose the ability to read scrolls when taking damage.


Message History

Fedhas accepts your kill.
No target in view!
An Orb Guardian comes into view.
You shoot a sling bullet. The sling bullet hits the Orb Guardian.
The Orb Guardian is splashed with acid.
The acid corrodes the Orb Guardian!
The Orb Guardian is lightly wounded.
You shoot a sling bullet.
The sling bullet hits the Orb Guardian!!
The Orb Guardian is splashed with acid.
The Orb Guardian is moderately wounded.
You shoot a sling bullet.
The sling bullet barely misses the Orb Guardian.
The Orb Guardian completely misses you.
You shoot a sling bullet. The sling bullet hits the Orb Guardian.
The Orb Guardian is splashed with acid!
The Orb Guardian seems to be corroded for longer.
The Orb Guardian is heavily wounded.
The Orb Guardian hits you but does no damage.
You shoot a sling bullet. The sling bullet hits the Orb Guardian!
The Orb Guardian is splashed with acid.
The Orb Guardian seems to be corroded for longer.
The Orb Guardian is severely wounded.
The Orb Guardian completely misses you.
You shoot a sling bullet.
The sling bullet hits the Orb Guardian!!
You kill the Orb Guardian!
Fedhas accepts your kill.
No target in view!
HP restored.
There is an open gate here.
There is an open door here.
There is an open door here.
There is an open door here.
There is a staircase leading out of the dungeon here.
Health restored: 299
There is nothing left to identify.
Okay, then.
Okay, then.
Okay, then.
You have escaped!

..##################).#.........#
..#...≈≈§≈...# ♣♣#♣#.............
..#.....§§...#♣♣.'.#........>....
.8#....§≈....#♣.♣#.####.....÷...#
..'..........#♣.♣#.# #.........#
..'..........'.♣♣#.# ######.####
..'......)...#####'# #.#
.8#....~~....#.....# #.#
..#..........#..@..# #.#
###...~~~~...#.....# #.#
################## #.#
##.####...# #.# #.........# #.#
#.#.###.#.# #######.####
##....†....####.......(.).
##..#)###.#.#....##########
#...#.#(#.#....#.#


There were no monsters in sight!

Vanquished Creatures
  4 dread liches
  3 orbs of fire (Zot:5)
  3 ancient liches
  Mennas (Vaults:5)
  Sojobo (Depths:2)
  Bai Suzhen (Vaults:5)
  4 Killer Klowns (Zot:5)
  Vashnia (Snake:2)
  A curse toe (Zot:4)
  Saint Roka (Orc:2)
  2 caustic shrikes
  13 golden dragons
  A profane servitor (Depths:1)
  2 bone dragons
  2 doom hounds (Depths:3)
  Rupert (Orc:2)
  A Tzitzimitl (Depths:4)
  An electric golem (Zot:5)
  3 walking crystal tomes
  20 tentacled monstrosities
  3 liches
  An Ice Fiend (Zot:3)
  A Hell Sentinel (D:3)
  21 Orb Guardians
  2 titans (Vaults:5)
  2 deep elf blademasters (Elf:3)
  2 deep elf master archers (Elf:3)
  3 quicksilver dragons
  A sphinx (Depths:2)
  9 acid blobs
  A walking frostbound tome (WizLab)
  Aizul (Snake:2)
  An Executioner (D:1)
  12 death cobs
  9 shadow dragons
  A tentacled starspawn (Abyss:2)
  6 draconian monks
  Frances (Swamp:2)
  6 tengu reavers
  11 storm dragons
  3 azure jellies
  7 nagarajas (Snake:4)
  2 rockslimes
  A demonspawn warmonger (Zot:3)
  Donald (Elf:2)
  6 draconian knights
  7 deep elf sorcerers
  An iron dragon (Depths:3)
  5 fire giants
  4 ghost moths
  8 vault wardens
  5 frost giants
  4 draconian scorchers
  2 balrugs
  2 imperial myrmidons (Desolation)
  3 draconian shifters
  4 orc warlords
  A cacodemon (Depths:2)
  10 stone giants
  15 very ugly things
  3 reapers
  17 ironbound preservers
  8 draconian annihilators
  5 war gargoyles
  3 quicksilver oozes
  A formless jellyfish (shapeshifter) (Vaults:2)
  A stone giant (shapeshifter) (Depths:2)
  2 formless jellyfish
  3 spriggan defenders
  Nessos (Orc:2)
  10 black draconians
  2 vampire knights
  A demonspawn black sun (Zot:5)
  3 ironbound thunderhulks
  3 eleionomae
  A lorocyproca (Zot:5)
  An eleionoma (shapeshifter) (Depths:3)
  17 yellow draconians
  6 green draconians
  A putrid mouth (Depths:3)
  7 deep elf annihilators
  Azrael (D:15)
  7 dire elephants
  12 red draconians
  3 bunyips
  7 white draconians
  4 deep elf demonologists
  12 purple draconians
  6 spark wasps
  A merfolk javelineer (Depths:2)
  4 deep elf death magi
  An eidolon (Abyss:2)
  8 ettins
  A merfolk impaler (Depths:3)
  4 fire dragons
  Snorg (Lair:3)
  2 crystal guardians
  An entropy weaver (Vaults:1)
  Josephine (Orc:2)
  9 ragged hierophants (Desolation)
  6 deep elf high priests
  9 yaktaur captains
  7 great orbs of eyes
  13 rakshasas
  23 vault guards
  8 ice dragons
  A hell beast (D:11)
  14 hydras
  A hydra (shapeshifter) (Vaults:5)
  13 peacekeepers
  3 spriggan air magi
  6 ironbound frosthearts
  A death knight (D:15)
  7 servants of whispers
  4 ghost crabs
  3 demonspawn (Orc:2)
  5 boulder beetles
  9 two-headed ogres
  8 centaur warriors
  An ogre mage (Vaults:2)
  42 dancing weapons
  5 alligators
  12 anacondas
  13 naga warriors
  2 catoblepae
  10 tengu warriors
  4 deep troll shamans
  7 deep troll earth magi
  Urug (Lair:3)
  12 naga sharpshooters
  6 death yaks
  A thrashing horror (Abyss:2)
  A vampire mage (Vaults:2)
  3 spriggan berserkers
  8 shock serpents
  3 soul eaters
  7 hell knights
  5 sun demons
  19 deep elf knights
  Amaemon (D:10)
  7 orc high priests
  11 skeletal warriors
  2 skysharks
  A fire crab (shapeshifter) (Vaults:5)
  2 wretched stars (Abyss:2)
  3 iron trolls
  A sixfirhy (Depths:4)
  8 large abominations (Abyss:2)
  2 salamander mystics (Snake:2)
  46 deep trolls
  11 sea snakes
  A shadow demon (D:14)
  2 spriggan druids
  A storm dragon skeleton (Vaults:4)
  12 deep elf archers
  Lodul (D:11)
  2 goliath frogs
  4 naga ritualists
  7 phantasmal warriors
  7 bog bodies
  A flayed ghost (Depths:3)
  10 lindwurms
  9 wizards
  9 swamp dragons (Swamp:4)
  7 glowing orange brains
  An obsidian statue (Zot:5)
  15 orc knights
  9 starcursed masses (Abyss:2)
  4 necromancers
  32 deep elf zephyrmancers
  10 ironbound convokers
  23 deep elf pyromancers
  8 mana vipers
  10 orc sorcerers
  35 ugly things
  3 shining eyes
  7 salamanders
  2 will-o-the-wisps (Swamp:3)
  2 worldbinders (Vaults:2)
  4 manticores
  11 cyclopes
  7 elephants
  17 moths of wrath
  Maurice (D:12)
  6 guardian serpents
  3 ice statues (IceCv)
  26 black mambas
  An eye of devastation (Slime:4)
  6 smoke demons
  2 orange demons
  Maggie (Lair:1)
  A gargoyle (D:11)
  An unseen horror (D:12)
  A molten gargoyle (Desolation)
  14 vault sentinels
  11 naga magi
  5 rime drakes
  A kobold demonologist (D:12)
  16 yaktaurs
  12 cane toads
  A tormentor (D:14)
  A hellion (D:1)
  10 komodo dragons
  An ice devil (Zot:1)
  A freezing wraith (D:15)
  4 tengu conjurers
  A red devil (Depths:2)
  6 trolls
  An ancient zyme (Abyss:2)
  2 tyrant leeches (Swamp:1)
  2 polar bears
  3 meliai (D:15)
  6 hornets
  7 raiju (Abyss:2)
  23 blink frogs
  Prince Ribbit (D:9)
  A dream sheep (shapeshifter) (Depths:2)
  53 saltlings
  A stone giant simulacrum (Vaults:4)
  An air elemental (Elf:3)
  6 vampires
  A shadow (D:9)
  78 slime creatures
  7 wraiths
  9 spriggans
  6 wyverns
  41 yaks
  6 ynoxinuls
  7 fire elementals
  12 water elementals
  17 humans (D:14)
  5 basilisks
  2 golden eyes
  A neqoxec (Abyss:2)
  9 steam dragons (Lair:3)
  13 vampire mosquitoes
  41 nagas
  8 wargs
  12 swamp worms
  5 acid dragons
  A hell hound (D:15)
  13 water moccasins
  A floating eye (shapeshifter) (Elf:2)
  A floating eye (Depths:2)
  2 swamp drakes
  4 black bears
  39 orc warriors
  3 sky beasts
  An ice beast (D:8)
  2 boggarts (Vaults:2)
  A great orb of eyes simulacrum (IceCv)
  22 ogres
  24 wolves
  4 centaurs
  5 slime creature simulacra (IceCv)
  2 phantoms
  3 kobold brigands
  13 bullfrogs
  4 gnoll sergeants
  3 earth elementals
  2 scorpions
  A cane toad simulacrum (Lair:5)
  7 glowing shapeshifter simulacra (IceCv)
  9 wights
  9 killer bees
  5 electric eels
  3 howler monkeys
  2 quasits (Abyss:2)
  3 hounds
  29 orc priests
  3 jellies (Lair:4)
  A gnoll bouda (D:6)
  2 iron imps (Abyss:2)
  Terence (D:2)
  2 iguanas
  21 orc wizards
  3 shapeshifter simulacra (IceCv)
  A statue (D:8)
  17 gnolls
  6 adders
  4 white imps
  3 worms
  3 dart slugs
  97 orcs
  4 endoplasms
  4 giant cockroaches
  7 goblins
  6 hobgoblins
  13 kobolds
  4 quokkas
  13 ball pythons
  8 bats
  4 frilled lizards
  9 rats
  A ballistomycete spore (Orc:2)
  2 starspawn tentacles (Abyss:2)
2080 creatures vanquished.

Vanquished Creatures (collateral kills)
  An ancient lich (Vaults:5)
  An orb of fire (Zot:5)
  A Killer Klown (Zot:4)
  4 caustic shrikes (Depths:4)
  A golden dragon (Zot:5)
  Nikola (Swamp:2)
  2 electric golems
  A doom hound (Depths:3)
  3 Orb Guardians (Zot:5)
  2 tentacled monstrosities
  A quicksilver dragon (Vaults:5)
  Grunn (Depths:3)
  A walking divine tome (Depths:2)
  A death cob (Zot:1)
  2 storm dragons
  A sphinx (Vaults:5)
  2 tengu reavers (Vaults:5)
  2 strange machines (WizLab)
  A draconian knight (Depths:4)
  A draconian monk (Zot:3)
  A nagaraja (Snake:4)
  A deep elf sorcerer (Elf:3)
  An iron dragon (Vaults:5)
  The ghost of Soraphim the Warrior, a journeyman DjFE of Ashenzari (Swamp:1)
  3 frost giants (Depths:2)
  2 draconian scorchers
  12 vault wardens
  An imperial myrmidon (Desolation)
  A draconian stormcaller (Zot:5)
  3 stone giants
  3 draconian annihilators
  7 ironbound preservers
  A putrid mouth (Depths:3)
  An ironbound thunderhulk (Vaults:2)
  A very ugly thing (Depths:2)
  3 green draconians
  2 deep elf demonologists
  3 black draconians
  An eleionoma (Swamp:4)
  A spark wasp (Depths:2)
  2 purple draconians
  A deep elf annihilator (Elf:3)
  2 yellow draconians
  2 red draconians
  2 white draconians (Zot:5)
  2 deep elf death magi
  3 ettins
  A great orb of eyes (Vaults:1)
  4 yaktaur captains
  17 vault guards
  An ogre mage (D:15)
  3 hydras
  2 servants of whispers (Desolation)
  A peacekeeper (Desolation)
  A ragged hierophant (Desolation)
  A rakshasa (Depths:2)
  3 centaur warriors
  An anaconda (Snake:3)
  An ironbound frostheart (Vaults:1)
  A satyr (shapeshifter) (Vaults:5)
  2 deep troll earth magi
  An alligator (Swamp:1)
  2 death yaks (Lair:3)
  A deep troll shaman (Lair:5)
  A naga sharpshooter (Snake:4)
  A spriggan berserker (Depths:4)
  A salamander mystic (Snake:4)
  An iron troll (Depths:4)
  A flayed ghost (Depths:1)
  6 deep trolls
  A spriggan druid (Swamp:3)
  3 swamp dragons (Swamp:4)
  A deep elf archer (Elf:1)
  A glowing orange brain (Depths:2)
  4 ironbound convokers
  A phantasmal warrior (Vaults:5)
  3 deep elf pyromancers (Elf:3)
  2 orc knights
  A necromancer (Vaults:5)
  A deep elf zephyrmancer (Elf:3)
  A shining eye (Slime:5)
  2 mana vipers
  A salamander (shapeshifter) (Vaults:5)
  A cyclops (Orc:1)
  6 moths of wrath
  7 ugly things
  A manticore (D:13)
  A guardian serpent (Desolation)
  A smoke demon (Orc:2)
  3 naga magi
  A vault sentinel (Vaults:2)
  5 yaktaurs
  A freezing wraith (D:15)
  5 rime drakes (Lair:3)
  A hornet (D:8)
  14 saltlings (Desolation)
  15 slime creatures
  A wraith (D:7)
  A wyvern (D:8)
  3 golden eyes (Slime:2)
  5 humans (D:14)
  A neqoxec (Abyss:2)
  4 vampire mosquitoes
  5 nagas
  A swamp worm (Swamp:3)
  8 orc warriors
  2 swamp drakes (Swamp:4)
  2 ogres (Orc:2)
  9 orc priests
  3 starcursed masses (Abyss:2)
  An iguana (D:5)
  2 gnolls (D:8)
  2 orcs (Orc:2)
  67 ballistomycete spores
348 creatures vanquished.

Vanquished Creatures (others)
  A golden dragon (Zot:3)
  An electric golem (Zot:5)
  A tentacled monstrosity (Zot:2)
  An Orb Guardian (Zot:5)
  A shadow dragon (Depths:2)
  A nagaraja (Snake:4)
  An iron dragon (Depths:3)
  A vault warden (Vaults:4)
  A deep elf sorcerer (Elf:3)
  A deep elf elementalist (Elf:3)
  A draconian stormcaller (Zot:2)
  2 ironbound preservers
  A draconian annihilator (Zot:1)
  A spriggan defender (Depths:3)
  2 very ugly things
  A stone giant (Depths:3)
  A black draconian (Zot:3)
  A red draconian (Zot:5)
  A ragged hierophant (Desolation)
  2 deep elf death magi (Elf:3)
  2 shambling mangroves
  2 yaktaur captains
  A great orb of eyes (Vaults:4)
  3 vault guards
  A hydra (Swamp:4)
  A servant of whispers (Desolation)
  2 spriggan air magi (Depths:3)
  A centaur warrior (Vaults:2)
  A deep troll shaman (Depths:3)
  A spriggan druid (Swamp:4)
  A swamp dragon (Swamp:4)
  3 slime creatures (Slime:2)
  3 deep trolls
  3 deep elf zephyrmancers
  3 mana vipers
  A vault sentinel (Vaults:4)
  A moth of wrath (Zot:3)
  A black mamba (Snake:2)
  A rime drake (Lair:3)
  2 hornets (Swamp:4)
  A raiju (Abyss:2)
  A culicivora (shapeshifter) (Elf:1)
  A swamp drake (Swamp:4)
  An orc wizard (D:4)
  5 ballistomycete spores
  4 foxfires (Swamp:3)
70 creatures vanquished.

Grand Total: 2498 creatures vanquished

Notes
Turn   | Place    | Note
-------+----------+-------------------------------------------
     0 | D:1      | Ofeo the Demonspawn Shapeshifter began the quest for the
                  | Orb.
     0 | D:1      | Reached XP level 1. HP: 15/15 MP: 1/1
   120 | D:1      | Gained mutation: You have a small tail. [demonic ancestry]
   120 | D:1      | Reached XP level 2. HP: 21/21 MP: 2/2
   547 | D:2      | Gained mutation: A weak demonic guardian rushes to your
                  | aid. [demonic ancestry]
   547 | D:2      | Reached XP level 3. HP: 20/27 MP: 3/3
   777 | D:2      | Found the amulet of Elemental Vulnerability {rPois rF--
                  | rC-- AC+8}
   778 | D:2      | Noticed Terence
   898 | D:2      | Identified a scroll of acquirement
   898 | D:2      | Acquired 906 gold pieces
   924 | D:2      | Killed Terence
   925 | D:2      | Reached skill level 2 in Fighting
   973 | D:2      | Reached XP level 4. HP: 21/33 MP: 4/4
  2336 | D:3      | Gained mutation: You are partially covered in icy blue
                  | scales. (AC +2) [demonic ancestry]
  2336 | D:3      | Reached XP level 5. HP: 17/39 MP: 5/5
  2764 | D:3      | Reached skill level 1 in Ranged Weapons
  2919 | D:4      | Found Likkiepn's Armour Emporium.
  2921 | D:4      | Noticed a phantom
  2938 | D:4      | Killed a phantom
  2939 | D:4      | Reached skill level 3 in Fighting
  3027 | D:4      | Found a sacrificial altar of Ru.
  3027 | D:4      | Found a stormy altar of Qazlal.
  3060 | D:4      | Noticed CraigForest's ghost (amateur DEBr)
  3062 | D:4      | Found a runed translucent gate.
  3063 | D:4      | Found a runed translucent gate.
  3063 | D:4      | Found a runed translucent gate.
  3185 | D:4      | Gained mutation: A demonic guardian rushes to your aid.
                  | [demonic ancestry]
  3185 | D:4      | Reached XP level 6. HP: 47/47 MP: 6/6
  3601 | D:5      | Entered Level 5 of the Dungeon
  3751 | D:5      | Found a basalt altar of Yredelemnul.
  3784 | D:5      | Found a staircase to the Ecumenical Temple.
  3922 | Temple   | Entered the Ecumenical Temple
  3935 | Temple   | Became a worshipper of Fedhas Madash
  4213 | D:5      | Gained mutation: You may rarely emit foul miasma when
                  | damaged in melee. [demonic ancestry]
  4213 | D:5      | Reached XP level 7. HP: 47/53 MP: 7/7
  4651 | D:5      | Noticed a moth of wrath
  4654 | D:5      | Found a bloodstained altar of Trog.
  5112 | D:6      | Reached skill level 4 in Fighting
  5321 | D:6      | Found a sparkling altar of Nemelex Xobeh.
  5529 | D:6      | Reached * piety under Fedhas
  5735 | D:6      | Gained mutation: You have a tail ending in a sharp stinger.
                  | [demonic ancestry]
  5735 | D:6      | Reached XP level 8. HP: 59/61 MP: 8/8
  5831 | D:6      | Found an ornate altar of the Wu Jian Council.
  6120 | D:6      | Found an iron altar of Okawaru.
  6709 | D:7      | Reached skill level 5 in Fighting
  6766 | D:7      | Reached skill level 5 in Dodging
  7069 | D:7      | Found a burning altar of Makhleb.
  7261 | D:7      | Reached skill level 5 in Shapeshifting
  7927 | D:8      | Noticed a hornet
  7932 | D:8      | Killed a hornet
  7933 | D:8      | Reached skill level 6 in Fighting
  7933 | D:8      | Reached XP level 9. HP: 51/69 MP: 9/9
  8131 | D:8      | Found a staircase to the Lair.
  8175 | D:8      | Reached skill level 5 in Ranged Weapons
  8186 | D:8      | Reached ** piety under Fedhas
  8277 | D:8      | Paralysed by a hornet for 1 turns
  8804 | D:8      | Reached skill level 7 in Fighting
  9124 | D:8      | Reached XP level 10. HP: 52/79 MP: 10/10
  9578 | D:8      | Found a shadowy altar of Dithmenos.
  9914 | D:8      | Found a radiant altar of Vehumet.
 10039 | D:9      | Reached *** piety under Fedhas
 10381 | D:9      | Noticed Prince Ribbit
 10394 | D:9      | Killed Prince Ribbit
 10793 | D:9      | Reached skill level 8 in Fighting
 11044 | D:9      | Found an ancient bone altar of Kikubaaqudgha.
 11413 | D:10     | Entered Level 10 of the Dungeon
 11751 | D:10     | Reached skill level 1 in Invocations
 11772 | D:10     | Got the Compendium of Mud and Space
 11793 | D:10     | Noticed an orange demon
 11794 | D:10     | Noticed Amaemon
 11898 | D:10     | Reached **** piety under Fedhas
 12504 | D:11     | Noticed a boulder beetle
 12698 | D:11     | Killed a boulder beetle
 12841 | D:11     | Gained mutation: You have a sharp stinger which inflicts
                  | weakening toxins. [demonic ancestry]
 12841 | D:11     | Reached XP level 11. HP: 78/87 MP: 13/13
 13159 | Lair:1   | Entered Level 1 of the Lair of Beasts
 13311 | Lair:1   | Reached skill level 9 in Fighting
 13450 | Lair:1   | Reached skill level 5 in Invocations
 13823 | Lair:1   | Noticed Maggie
 13984 | Lair:1   | Killed Maggie
 14859 | Lair:2   | Reached skill level 10 in Fighting
 14947 | Lair:2   | Noticed a boulder beetle
 14989 | Lair:2   | Killed a boulder beetle
 14990 | Lair:2   | Gained mutation: You are mostly covered in icy blue scales.
                  | (AC +3) [demonic ancestry]
 14990 | Lair:2   | Reached XP level 12. HP: 83/97 MP: 17/17
 15630 | Lair:2   | Found a staircase to the Snake Pit.
 15730 | Lair:2   | Noticed a seven-headed hydra
 15736 | Lair:2   | Killed a seven-headed hydra
 15765 | Lair:2   | Reached ***** piety under Fedhas
 16192 | Lair:2   | Found a burning altar of Makhleb.
 16378 | Lair:3   | Reached skill level 10 in Dodging
 16487 | Lair:3   | Noticed a death yak
 16487 | Lair:3   | Noticed a death yak
 16487 | Lair:3   | Noticed a death yak
 16494 | Lair:3   | Noticed a death yak
 16505 | Lair:2   | Killed a death yak
 16506 | Lair:2   | Reached skill level 11 in Fighting
 16758 | Lair:3   | Noticed Snorg
 16764 | Lair:3   | Noticed Urug
 16805 | Lair:3   | Reached skill level 10 in Ranged Weapons
 16808 | Lair:3   | Killed a death yak
 16809 | Lair:3   | Reached skill level 10 in Invocations
 16812 | Lair:3   | Noticed a death yak
 16819 | Lair:3   | Killed a death yak
 16824 | Lair:3   | Killed a death yak
 16825 | Lair:3   | Gained mutation: A powerful demonic guardian rushes to your
                  | aid. [demonic ancestry]
 16825 | Lair:3   | Reached XP level 13. HP: 87/106 MP: 13/20
 17817 | Lair:3   | Killed Snorg
 18002 | Lair:3   | Found a staircase to the Swamp.
 18015 | Lair:3   | Killed Urug
 18194 | Lair:4   | Found a staircase to the Slime Pits.
 18194 | Lair:4   | Found a viscous altar of Jiyva.
 18369 | Lair:4   | Reached skill level 12 in Fighting
 19075 | Lair:5   | Entered Level 5 of the Lair of Beasts
 19353 | Lair:5   | Found a frozen archway.
 19374 | IceCv    | Entered an ice cave
 20142 | IceCv    | Noticed a quicksilver ooze
 20156 | IceCv    | Killed a quicksilver ooze
 20495 | IceCv    | Found a viscous altar of Jiyva.
 20495 | IceCv    | Noticed an azure jelly
 20519 | IceCv    | Killed an azure jelly
 20529 | IceCv    | Noticed a quicksilver ooze
 20539 | IceCv    | Killed a quicksilver ooze
 20565 | IceCv    | Identified the +1 falchion "Mothreahi" {elec, rF+}
 20567 | IceCv    | Got the Elucidation of the Crevasse
 20809 | Lair:5   | Gained mutation: You are completely covered in icy blue
                  | scales. (AC +4, rC+) [demonic ancestry]
 20809 | Lair:5   | Reached XP level 14. HP: 115/116 MP: 21/23
 22127 | D:11     | Noticed Lodul
 22155 | D:11     | Killed Lodul
 22156 | D:11     | Reached skill level 13 in Fighting
 22239 | D:11     | Reached ****** piety under Fedhas
 22468 | D:11     | Found Zouf's Armour Boutique.
 22821 | D:11     | Found a staircase to the Orcish Mines.
 22870 | D:11     | Found Dusteec's Book Shoppe.
 23084 | D:12     | Noticed Maurice
 23118 | Orc:1    | Entered Level 1 of the Orcish Mines
 23812 | Orc:2    | Entered Level 2 of the Orcish Mines
 23818 | Orc:2    | Noticed Nessos
 23831 | Orc:2    | Killed Nessos
 24438 | Orc:2    | Noticed Saint Roka
 24462 | Orc:2    | Killed Saint Roka
 24467 | Orc:2    | Reached skill level 1 in Armour
 24740 | Orc:2    | Noticed Rupert
 24747 | Orc:2    | Paralysed by Rupert for 5 turns
 24764 | Orc:2    | Killed Rupert
 24864 | Orc:2    | Found Fath's Antique Weapon Shop.
 25055 | Orc:2    | Gained mutation: You sometimes emit foul miasma when
                  | damaged in melee. [demonic ancestry]
 25055 | Orc:2    | Reached XP level 15. HP: 125/125 MP: 23/25
 25098 | Orc:2    | Found Juenlith's General Store.
 25101 | Orc:2    | Found Ashron's General Store.
 25259 | Orc:2    | Bought a potion of heal wounds for 75 gold pieces
 25261 | Orc:2    | Bought a +4 ring of protection for 648 gold pieces
 25284 | Orc:2    | Found a staircase to the Elven Halls.
 25902 | Orc:2    | Reached skill level 14 in Fighting
 26015 | Orc:2    | Found Siowk's Antique Weapon Shop.
 26015 | Orc:2    | Found Elilyo's Jewellery Boutique.
 26016 | Orc:2    | Found a one-way gate leading to the halls of Pandemonium.
 26020 | Orc:2    | Bought the ring "Apruareq" {rElec rPois MP+9 Int-2 Dex+3}
                  | for 604 gold pieces
 26210 | Orc:2    | Noticed Josephine
 26217 | Orc:2    | Killed Josephine
 26619 | D:12     | Paralysed by Maurice for 2 turns
 26622 | D:12     | Reached skill level 15 in Invocations
 26625 | D:12     | Killed Maurice
 26877 | D:12     | Found Coepur's Antique Weapon Shop.
 26921 | D:12     | Bought the +3 greatsling "Punk" {acid, rCorr} for 1064 gold
                  | pieces
 26921 | D:12     | Found the +3 greatsling "Punk" {acid, rCorr}
 26946 | D:12     | Found Isioh's Antique Weapon Boutique.
 26970 | D:12     | Bought a glowing longbow for 323 gold pieces
 27329 | D:12     | Found Linyanit's Magic Scroll Emporium.
 27339 | D:12     | Bought a scroll of acquirement for 728 gold pieces
 27339 | D:12     | Acquired 833 gold pieces
 27341 | D:12     | Bought a scroll of noise for 14 gold pieces
 27341 | D:12     | Bought 2 scrolls of noise for 28 gold pieces
 27341 | D:12     | Bought a scroll of fog for 56 gold pieces
 27341 | D:12     | Bought a scroll of teleportation for 42 gold pieces
 27808 | D:12     | Found Mamel's Antique Armour Boutique.
 27824 | D:12     | Bought a pair of glowing gloves for 187 gold pieces
 27855 | D:13     | Found a transporter.
 28232 | D:13     | Found a portal to a secret trove of treasure.
 28322 | D:13     | Found a transporter.
 28559 | D:13     | Identified the ring "Urijun" {AC+4 Str-2 Int+8 Stlth+}
 29080 | D:14     | Found a gate to the Vaults.
 29275 | D:14     | Identified the +0 leather armour "Ruatiuno" {Harm *Corrode
                  | Str-2 Int+9}
 29388 | D:14     | Found a shimmering blue altar of Sif Muna.
 29433 | D:14     | Reached skill level 5 in Armour
 29463 | D:14     | Gained mutation: You are robust. (+10% HP) [demonic
                  | ancestry]
 29463 | D:14     | Reached XP level 16. HP: 121/147 MP: 27/27
 29975 | D:15     | Entered Level 15 of the Dungeon
 30146 | D:15     | Found a staircase to the Depths.
 30856 | D:15     | Noticed Azrael
 30871 | D:15     | Killed Azrael
 30876 | D:15     | Reached skill level 15 in Fighting
 31452 | D:10     | Killed Amaemon
 31613 | Swamp:1  | Entered Level 1 of the Swamp
 31759 | Swamp:1  | Found a runed translucent door.
 31761 | Swamp:1  | Noticed Soraphim's ghost (journeyman DjFE)
 32212 | Swamp:1  | Killed Soraphim's ghost
 32214 | Swamp:1  | Identified the +3 leather armour "Apizxil" {Harm *Slow +Inv
                  | Regen+}
 32451 | Swamp:2  | Noticed Nikola
 32698 | Swamp:2  | Noticed Frances
 32710 | Swamp:2  | Killed Frances
 32734 | Swamp:2  | Killed Nikola
 33058 | Swamp:2  | Gained mutation: You frequently emit foul miasma when
                  | damaged in melee. [demonic ancestry]
 33058 | Swamp:2  | Reached XP level 17. HP: 156/156 MP: 29/29
 34349 | Swamp:4  | Entered Level 4 of the Swamp
 34639 | Swamp:4  | Got a decaying rune of Zot
 35265 | Snake:1  | Entered Level 1 of the Snake Pit
 35325 | Snake:1  | Found Erarghes's Antique Weapon Shop.
 35358 | Snake:1  | Reached skill level 16 in Fighting
 36185 | Snake:1  | Reached skill level 15 in Dodging
 36876 | Snake:2  | Noticed Aizul
 36892 | Snake:2  | Killed Aizul
 37205 | Snake:2  | Noticed Vashnia
 37228 | Snake:2  | Killed Vashnia
 38153 | Snake:2  | Reached skill level 1 in Evocations
 38451 | Snake:3  | Found Lisuzimoch's Antique Weapon Emporium.
 38649 | Snake:3  | Identified the +0 helmet of Byawu {rF+ MP+9}
 38713 | Snake:3  | Reached XP level 18. HP: 168/168 MP: 31/31
 38808 | Snake:3  | Found an ancient bone altar of Kikubaaqudgha.
 39049 | Snake:3  | Reached skill level 1 in Spellcasting
 39081 | Snake:3  | Found Gemit's Weapon Shop.
 39265 | Snake:4  | Entered Level 4 of the Snake Pit
 39404 | Snake:4  | Found a runed translucent gate.
 39404 | Snake:4  | Found a runed translucent gate.
 39404 | Snake:4  | Found a runed translucent gate.
 39565 | Snake:4  | Noticed MathMan16's ghost (adept MiBe)
 39667 | Snake:4  | Found a transporter.
 39672 | Snake:4  | Found Ciorghog's Antique Weapon Shoppe.
 39674 | Snake:4  | Found a transporter.
 40158 | Snake:4  | Reached skill level 17 in Fighting
 40479 | Snake:4  | Got a serpentine rune of Zot
 40835 | Vaults:1 | Entered Level 1 of the Vaults
 40949 | Vaults:1 | Reached skill level 5 in Evocations
 40993 | Vaults:1 | Reached XP level 19. HP: 165/177 MP: 32/32
 41837 | Vaults:1 | Reached skill level 5 in Spellcasting
 42062 | Vaults:1 | Found Otisu's Armour Boutique.
 42212 | Vaults:1 | Bought the +3 pair of seven-league boots {Rampage+∞} for
                  | 560 gold pieces
 42212 | Vaults:1 | Found the +3 pair of seven-league boots {Rampage+∞}
 42267 | Vaults:1 | Learned a level 2 spell: Blink
 42271 | Vaults:1 | Learned a level 3 spell: Ozocubu's Armour
 42275 | Vaults:1 | Learned a level 3 spell: Volatile Blastmotes
 42279 | Vaults:1 | Learned a level 3 spell: Portal Projectile
 42284 | Vaults:1 | Learned a level 4 spell: Summon Lightning Spire
 42289 | Vaults:1 | Learned a level 4 spell: Leda's Liquefaction
 42295 | Vaults:1 | Learned a level 5 spell: Borgnjor's Vile Clutch
 42383 | Vaults:2 | Found a magical portal.
 42389 | WizLab   | Entered Tukima's Studio
 42473 | WizLab   | Reached skill level 1 in Stealth
 42544 | WizLab   | Noticed Ofeo's illusion
 42674 | WizLab   | Noticed Ofeo's illusion
 42823 | WizLab   | Reached skill level 1 in Ice Magic
 42886 | WizLab   | Reached skill level 1 in Translocations
 43164 | Vaults:2 | Reached skill level 10 in Armour
 43269 | Vaults:2 | Paralysed by a great orb of eyes for 4 turns
 43529 | Vaults:2 | Found Pudogema's Assorted Antiques.
 43818 | Abyss:2  | Cast into level 2 of the Abyss (a wizard)
 43819 | Abyss:2  | Found a corrupted altar of Lugonu.
 44140 | Abyss:2  | Noticed a bone dragon
 44162 | Abyss:2  | Killed a bone dragon
 44176 | Vaults:2 | Escaped the Abyss
 44215 | Vaults:2 | Got the Discursus on Accomplices
 44482 | Vaults:2 | Bought a scroll of fog for 100 gold pieces
 44719 | Vaults:2 | Found a staircase to the Crypt.
 45099 | Vaults:3 | Found Diunec's Antique Weapon Shop.
 45704 | Vaults:3 | Reached XP level 20. HP: 187/187 MP: 34/34
 45873 | Vaults:3 | Reached skill level 5 in Stealth
 46854 | Vaults:4 | Found a crumbling gateway.
 46876 | Desolati | Entered the Desolation of Salt
 47018 | Desolati | Reached skill level 18 in Fighting
 47343 | Desolati | Identified the amulet "Atarutz" {Acrobat Contam Harm rC+++
                  | Regen+}
 47406 | Desolati | Identified the ring "Lorgheysk" {rN+ rCorr}
 47545 | Desolati | Got Pocs's Information on the Friendly Xenotype
 47693 | Desolati | Identified the +8 sling "Duosione" {heavy, rElec rCorr
                  | Str-3 Int+4 Dex-4}
 47842 | Desolati | Identified the ring of Suishare {rElec rC+}
 47995 | Desolati | Identified the +10 morningstar of the Muttering Gods {vamp,
                  | Dex+3}
 48264 | Desolati | Identified the +0 leather armour of Rured {+Blink Str+2}
 48349 | Desolati | Identified the ring of the Freezing Gods {Str-3 Int+3 Dex+6
                  | Slay+5}
 48353 | Desolati | Identified the +7 chain mail of Joy {Rampage Int+5}
 49327 | Vaults:4 | Reached skill level 5 in Translocations
 49775 | Vaults:4 | Reached skill level 5 in Ice Magic
 50188 | Vaults:4 | Reached XP level 21. HP: 195/195 MP: 35/35
 50873 | Depths:1 | Entered Level 1 of the Depths
 51646 | Depths:1 | Reached skill level 1 in Hexes
 51658 | Depths:1 | Found a one-way gateway to a ziggurat.
 51961 | Depths:1 | Found a gateway to Hell.
 52339 | Depths:1 | Acquired a manual of Dodging
 52362 | Depths:2 | Noticed Sojobo
 52690 | Depths:2 | Killed Sojobo
 52765 | Depths:2 | Reached skill level 10 in Stealth
 53350 | Depths:2 | Noticed a golden dragon
 53812 | Depths:2 | Identified the +3 trident of Karma {protect, rPois rCorr}
 53835 | Depths:2 | Identified the ring of Paranoia {Drain rPois Dex+5}
 54156 | Depths:2 | Reached skill level 19 in Fighting
 54156 | Depths:2 | Reached XP level 22. HP: 198/199 MP: 36/36
 54158 | Depths:2 | Found Eriaj's Assorted Antiques.
 54160 | Depths:2 | Found Jysty's Book Shop.
 54162 | Depths:2 | Found Jygim's Magic Scroll Emporium.
 54174 | Depths:2 | Bought a scroll of enchant weapon for 337 gold pieces
 54179 | Depths:2 | Bought a scroll of blinking for 90 gold pieces
 54179 | Depths:2 | Bought a scroll of blinking for 90 gold pieces
 54518 | Depths:3 | Noticed Grunn
 54559 | Depths:3 | Killed Grunn
 54560 | Depths:3 | Reached skill level 10 in Evocations
 54804 | Depths:3 | Reached skill level 5 in Hexes
 55990 | Depths:3 | Noticed a caustic shrike
 56004 | Depths:3 | Killed a caustic shrike
 56101 | Depths:3 | Found a one-way gate to the infinite horrors of the Abyss.
 56271 | Depths:3 | Noticed a golden dragon
 56273 | Depths:3 | a golden dragon changed into an iron dragon
 56276 | Depths:3 | an iron dragon changed into a golden dragon
 56276 | Depths:3 | Noticed a golden dragon (glowing shapeshifter)
 56277 | Depths:3 | a golden dragon changed into a shadow dragon
 56279 | Depths:3 | a shadow dragon changed into a caustic shrike
 56279 | Depths:3 | Noticed a caustic shrike (glowing shapeshifter)
 56281 | Depths:3 | a caustic shrike changed into an eleionoma
 56410 | Depths:4 | Entered Level 4 of the Depths
 56508 | Depths:4 | Noticed a golden dragon
 56527 | Depths:4 | Killed a golden dragon
 56581 | Depths:4 | Noticed a caustic shrike
 56581 | Depths:4 | Noticed a caustic shrike
 56582 | Depths:4 | Noticed a caustic shrike
 56593 | Depths:4 | Killed a caustic shrike
 56599 | Depths:4 | Killed a caustic shrike
 56610 | Depths:4 | Killed a caustic shrike
 56612 | Depths:4 | Noticed a caustic shrike
 56616 | Depths:4 | Killed a caustic shrike
 56720 | Depths:4 | Noticed a caustic shrike
 56728 | Depths:4 | Killed a caustic shrike
 57333 | Depths:4 | Noticed a golden dragon
 57390 | Depths:4 | Killed a golden dragon
 57636 | Depths:4 | Found a gate to the Realm of Zot.
 58237 | Slime:1  | Entered Level 1 of the Pits of Slime
 58641 | Vaults:5 | Entered Level 5 of the Vaults
 58641 | Vaults:5 | Noticed a golden dragon
 58667 | Vaults:5 | Reached skill level 20 in Fighting
 58698 | Vaults:5 | Noticed a golden dragon
 58699 | Vaults:5 | Reached XP level 23. HP: 215/215 MP: 37/37
 58770 | Vaults:5 | Noticed Bai Suzhen
 58778 | Vaults:5 | Killed Bai Suzhen
 58798 | Vaults:5 | Got a silver rune of Zot
 58938 | Vaults:5 | Identified the +1 battleaxe of the Morning {freeze, rElec
                  | rF++ rC- rCorr}
 59177 | Vaults:5 | Identified the amulet of Ronusol {Spirit Int-2 Dex+2 SInv}
 59248 | Vaults:5 | Got the Compilation of Allies and Topology
 59253 | Vaults:5 | Identified the staff "Napob" {rElec rN+ Will+ rCorr Air}
 59287 | Vaults:5 | Noticed an ancient lich
 59289 | Vaults:5 | Noticed a dread lich
 59297 | Vaults:5 | Killed a dread lich
 59300 | Vaults:5 | Killed an ancient lich
 59474 | Vaults:5 | Reached skill level 15 in Ranged Weapons
 59877 | Vaults:5 | Identified the +1 robe of Tugeteh {MP+9 Str+3}
 59890 | Vaults:5 | Noticed an ancient lich
 59902 | Vaults:5 | Killed an ancient lich
 59934 | Vaults:5 | Noticed a dread lich
 59938 | Vaults:5 | Paralysed by a dread lich for 4 turns
 59955 | Vaults:5 | Paralysed by something for 5 turns
 59964 | Vaults:5 | Killed a dread lich
 60090 | Vaults:5 | Noticed Mennas
 60103 | Vaults:5 | Identified the +10 scimitar of the Manifold Tales {pain,
                  | Dex+2 SInv}
 60111 | Vaults:5 | Killed Mennas
 60731 | Vaults:5 | Reached skill level 21 in Fighting
 61045 | D:13     | You paid a toll of 7 scrolls of fog to enter a treasure
                  | trove
 61046 | Trove    | Entered a treasure trove
 61053 | Trove    | Identified the +0 pair of gloves of Wuosewk {+Inv Int-3
                  | Dex+3}
 61059 | Trove    | Identified the amulet of the Chimera {Faith *Slow Str+5
                  | Int+4}
 61061 | Trove    | Identified the +0 helmet of Vyad {Str+3}
 61077 | Trove    | Identified the +0 glaive of Oozing Pus {protect, rPois rF+
                  | rCorr}
 61080 | Trove    | Identified the ring "Zanic" {rElec rN+ MP+9 Slay+2}
 61270 | Elf:1    | Entered Level 1 of the Elven Halls
 62469 | Elf:1    | Identified the +3 falchion "Posodol" {elec, *Slow rPois
                  | MP+9 Dex+3}
 62736 | Elf:2    | Gained mutation: You are very robust. (+20% HP) [demonic
                  | ancestry]
 62736 | Elf:2    | Reached XP level 24. HP: 220/249 MP: 37/37
 62762 | Abyss:2  | Cast into level 2 of the Abyss (a deep elf demonologist)
 62849 | Abyss:2  | Noticed a dread lich
 62866 | Abyss:2  | Killed a dread lich
 63020 | Elf:2    | Escaped the Abyss
 63060 | Elf:2    | Got Ts'ui Pên's Compilation of Forking Paths
 63108 | Elf:2    | Got the Handbook of Dhcmrlchtdj
 63719 | Elf:2    | Found a huge runed translucent gate.
 63719 | Elf:2    | Found a huge runed translucent gate.
 63719 | Elf:2    | Found a huge runed translucent gate.
 63723 | Elf:2    | Found a huge runed translucent gate.
 63725 | Elf:2    | Found a huge runed translucent gate.
 64042 | Elf:2    | Noticed Donald
 64050 | Elf:2    | Killed Donald
 64249 | Elf:3    | Entered Level 3 of the Elven Halls
 64802 | Abyss:3  | Cast into level 3 of the Abyss (a deep elf demonologist)
 64838 | Elf:3    | Escaped the Abyss
 64871 | Elf:3    | Identified the ring "Fepp" {rElec rC+ Int+2 Dex+6 Stlth-}
 65060 | Elf:3    | Found the +3 robe of Clouds {*Thunder rCloud rElec}
 65071 | Elf:3    | Identified the +14 chain mail of Ejetix {rC++ Int+5 SInv}
 65076 | Elf:3    | Identified the ring of the Mertaur {rC+ rCorr SInv}
 65082 | Elf:3    | Identified the +2 spear of the Jumping Salmon {antimagic,
                  | rPois Str+3}
 65140 | Elf:3    | Identified the +0 ring mail of Roux {MP+9 Str+5}
 65919 | Slime:2  | Reached skill level 22 in Fighting
 66024 | Slime:3  | Gained mutation: You occasionally shout uncontrollably at
                  | your foes. [a shining eye]
 66194 | Slime:5  | Entered Level 5 of the Pits of Slime
 66225 | Slime:5  | Gained mutation: You occasionally lose the ability to read
                  | scrolls when taking damage. [a shining eye]
 66227 | Slime:5  | Gained mutation: You are weak. (Str -2) [a shining eye]
 66627 | Slime:5  | Got Roxanne's Catalogue of Clay
 66644 | Slime:5  | Found a viscous altar of Jiyva.
 66647 | Slime:5  | Identified the +6 arbalest "Ceyd" {elec, rElec rN+ Str+2}
 66661 | Slime:5  | Identified the +7 scimitar of Causality {flame, +Blink
                  | rElec rC- Str+4}
 66683 | Slime:5  | Identified the amulet of Bintim {Acrobat rF+ Str+4 Int+3
                  | Dex-3}
 66685 | Slime:5  | Got Kikubaaqudgha's Octavo of the Mortuary
 66695 | Slime:5  | Noticed the Royal Jelly
 66707 | Slime:5  | Got a slimy rune of Zot
 66718 | Slime:5  | Identified the ring of the Slug {MP+9 Str+3 Int+5}
 67230 | Crypt:1  | Entered Level 1 of the Crypt
 67516 | Zot:1    | Entered Level 1 of the Realm of Zot
 67674 | Zot:1    | Gained mutation: You are extremely robust. (+30% HP)
                  | [demonic ancestry]
 67674 | Zot:1    | Reached XP level 25. HP: 248/282 MP: 23/37
 69838 | Zot:2    | Identified the +1 pair of gloves "Uriud" {*Slow rElec Int+8
                  | Dex-2}
 70531 | Zot:3    | Reached skill level 23 in Fighting
 71931 | Zot:4    | Noticed a Killer Klown
 71944 | Zot:4    | Killed a Killer Klown
 72706 | Zot:4    | Reached XP level 26. HP: 297/297 MP: 37/37
 73034 | Zot:5    | Entered Level 5 of the Realm of Zot
 73693 | Zot:5    | Reached skill level 24 in Fighting
 73924 | Zot:5    | Noticed an orb of fire
 73931 | Zot:5    | Gained mutation: Your magical capacity is low. (-10% MP)
                  | [an orb of fire]
 73934 | Zot:5    | Gained mutation: You sometimes lose the ability to read
                  | scrolls when taking damage. [an orb of fire]
 73938 | Zot:5    | Killed an orb of fire
 74334 | Zot:5    | Noticed an orb of fire
 74339 | Zot:5    | Gained mutation: You are vulnerable to heat. (rF-) [an orb
                  | of fire]
 74340 | Zot:5    | Noticed an orb of fire
 74342 | Zot:5    | Killed an orb of fire
 74349 | Zot:5    | Noticed an orb of fire
 74350 | Zot:5    | Killed an orb of fire
 74356 | Zot:5    | Noticed a dread lich
 74359 | Zot:5    | Killed an orb of fire
 74363 | Zot:5    | Identified the +4 flail "Mevemet" {protect, rPois rC+
                  | Dex+3}
 74382 | Zot:5    | Killed a dread lich
 74445 | Zot:5    | Noticed an ancient lich
 74480 | Zot:5    | Killed an ancient lich
 74705 | Zot:5    | Noticed an ancient lich
 74728 | Zot:5    | Killed an ancient lich
 74976 | Zot:5    | Reached skill level 25 in Fighting
 75004 | Zot:5    | Got the Orb of Zot
 75957 | D:$      | Escaped with the Orb!

Illustrated notes

Levels and vault maps discovered:
D:1:      scummos_arrival_gate, layout_rooms, minmay_door_square,
          minmay_surrounded
D:2:      layout_loops_ring, uniq_terence
D:3:      layout_basic
D:4:      layout_rooms, mainiacjoe_overflow_large_starburst,
          gammafunk_ghost_split, serial_shops, shop
D:5:      layout_loops_corners, tgw_trog, mainiacjoe_overflow_boulevard,
          zin_scriptorium, minmay_temple_entry_offerings
D:6:      layout_rooms, nemelex_spade_bored_becter, kennysheep_okawaru_gauntlet,
          nzn_wu_jian_contemplation, serial_bayou, serial_bayou_pond_e,
          serial_bayou_shore_a, serial_bayou_crossing, serial_bayou_shore_b
D:7:      nicolae_cairo_tiling, layout_basic, bloody_makhleb
D:8:      minmay_polygon_palace, layout_basic, vehumet_statue,
          mainiacjoe_overflow_chevrons, lair_entry_dummy
D:9:      layout_gridville, nicolae_kikubaaqudgha_miasma_corner,
          uniq_prince_ribbit1
D:10:     layout_basic, uniq_amaemon
D:11:     nicolae_cairo_tiling_very_big, layout_loops_cross, erik_orc_1,
          serial_shops, kennysheep_little_box, nicolae_shop_stone, uniq_lodul
D:12:     layout_stronghold, serial_shops,
          nicolae_shop_temple_entry_statues_fountains, nicolae_square_shop,
          nicolae_shop_gibbet_a_chance, shop, uniq_maurice
D:13:     gammafunk_worm_tunnel, layout_cave_pools, nicolae_trove_entry_diagonal
D:14:     layout_stronghold, grunt_vaults_entry_tiered, lemuel_blue_sif_altar,
          chequers_serial_rivers_marsh
D:15:     hellmonk_depths_entry_around_the_bend, layout_basic, st_stairs_12,
          uniq_azrael
Temple:   compressed_dpeg_circular_temple
Lair:1:   layout_gridlike, chequers_serial_rivers_micro_b, grunt_megastairs_2,
          uniq_maggie
Lair:2:   wad_woods_stonehenge, layout_regular_city,
          minmay_snake_entry_guardpost_large, grunt_megastairs_5
Lair:3:   layout_gridlike, minmay_swamp_entry_swarm, bobbens_dragon_lair_wall,
          uniq_snorg, uniq_urug
Lair:4:   layout_roguey, minmay_slime_entry_pillars
Lair:5:   grunt_lair_end_beastmaster, layout_regular_city,
          portal_ice_cave_entry_ice_simulacra, lemuel_fruit_tree
Swamp:1:  layout_falls_marsh, ebering_ghost_inner_flame,
          infiniplex_staircase_pool
Swamp:2:  nicolae_swamp_secret_spriggan_hideout, layout_basic_swamp,
          evilmike_swamp_ruin_rubble_2, uniq_nikola, uniq_frances
Swamp:3:  layout_basic_swamp, hangedman_swamp_diagram
Swamp:4:  swamp_alternative, layout_basic_swamp
Snake:1:  layout_chambers, serial_shops, shop, nicolae_coiled_stairwell_down
Snake:2:  layout_cave_shapes, uniq_vashnia, uniq_aizul
Snake:3:  layout_misc_corridors, serial_shops, shop, basic_altar,
          minmay_snake_pond, minmay_shop_star
Snake:4:  grunt_snake_rune_pools, layout_rooms, basic_altar, serial_shops,
          nicolae_shop_drivethru, ebering_ghost_rock_garden
Slime:1:  layout_caves
Slime:2:  nicolae_slime_pool, layout_caves
Slime:3:  layout_caves
Slime:4:  layout_caves, nicolae_slime_crime_time
Slime:5:  slime_pit_nicolae_jellycorners
Orc:1:    giant_chief_lemuel, layout_caves, bh_open_orc_temple
Orc:2:    pf_orc_diabolical, layout_caves, serial_shops, shop,
          minmay_orc_temple_c, uniq_nessos, uniq_saint_roka, uniq_rupert,
          uniq_josephine
Elf:1:    layout_loops_corners, evilmike_minifort
Elf:2:    elven_hall_of_blades_hangedman_alternative [nicolae_blade_lattice],
          layout_onion_city, bh_hangedman_babel_library, uniq_donald
Elf:3:    elf_hall, layout_rooms
Vaults:1: vaults_room_grunt_arrival_ludios, v_misc_2,
          nicolae_vaults_double_plus_1, vaults_mumra_bighexcomb,
          hangedman_vaults_maws, ontoclasm_vaults_eye,
          nicolae_vaults_trapezoid_3, nicolae_vaults_taking_the_gang_shopping,
          nicolae_vaults_heart-shaped_vault, layout_vaults_big_room
Vaults:2: infiniplex_enter_wizlab_spiral, hangedman_vaults_corner_blocks,
          nicolae_vaults_shelves_hall, ontoclasm_vaults_pinch,
          ontoclasm_vaults_ring_small, hangedman_vaults_pinch,
          nicolae_vaults_network_barrier, ontoclasm_vaults_echo,
          nicolae_vaults_rhombus_5, minmay_crypt_entry_vampire_xt,
          nicolae_vaults_cochlea, vaults_dpeg_hooks, nicolae_vaults_theta,
          nicolae_vaults_layer_cake_slice, layout_vaults_ring, serial_shops,
          nicolae_shop_overgrown_old_shop, serial_hangedman_research,
          hangedman_research_convocations
Vaults:3: nicolae_vaults_big_angled_halls, nicolae_vaults_house_2,
          nicolae_vaults_yaktaur_gun_rack, nicolae_vaults_door_testing_chamber,
          vaults_dpeg_diagonal, nicolae_vaults_sesquioval_fish,
          layout_vaults_omnigrid, serial_shops, nicolae_shop_crystal
Vaults:4: portal_desolation_entry_nicolae_nacl,
          hangedman_vaults_stretched_pinwheel, vaults_room_door_ring, v_misc_10,
          nicolae_vaults_little_ls, nicolae_vaults_network_periphery,
          vaults_standard_mumra_x, v_rooms_1, v_misc_13,
          nicolae_vaults_storage_closets_2, v_misc_29, vaults_dpeg_encased_lava,
          nicolae_vaults_trapezoid_lopsided_1, layout_vaults_big_cross,
          serial_shops, uniq_margery
Vaults:5: serial_shops, uniq_bai_suzhen, uniq_mennas
Crypt:1:  layout_chaotic_city
Depths:1: layout_basic, enter_ziggurat_b, lightli_too_deep,
          hangedman_abyss_or_decor_stabs, columned_hall_lemuel,
          lemuel_flamethrower_3
Depths:2: cheibrodos_leafed_vault, layout_basic, minmay_stone_trees_medium,
          pf_hell_entry_tar_spiral, rand_demon_pan_entry_7,
          nicolae_wooded_promenade, serial_bayou_lagoon_a, nrook_campfire,
          minmay_staircase_statues, firewood_loft, uniq_sojobo
Depths:3: nzn_winding_woodlands_stair_trap [nzn_winding_woodlands_5x15_garden,
          nzn_winding_woodlands_5x15_lazy_stream,
          nzn_winding_woodlands_5x15_zeroes,
          nzn_winding_woodlands_15x15_boxy_spiral,
          nzn_winding_woodlands_5x15_river_crossing,
          nzn_winding_woodlands_5x15_pockets,
          nzn_winding_woodlands_5x15_split_checker], layout_gridlike,
          abyss_entry, grunt_hell_entry_dis_mu, minmay_misc_feat_tower,
          pan_entry, uniq_grunn
Depths:4: grunt_zot_entry_pinwheel, layout_basic, abyss_entry_small_statue_room,
          hell_entry
Zot:1:    layout_basic
Zot:2:    layout_misc_corridors
Zot:3:    kennysheep_room_grid, layout_cathedral_of_symmetry, zot_minivault_1
Zot:4:    layout_twisted_circle, skrybe_zot_glass_2
Zot:5:    layout_misc_corridors, lemuel_flame_loot_1

Skill      XL: |  1  2  3  4  5  6  7  8  9 10 11 12 13 14 15 16 17 18 19 20 21 22 23 24 25 26 |
---------------+-------------------------------------------------------------------------------+-----
Dodging        | 2 3 4 5 6 8 9 10 11 12 13 14 15 16 17 19 21 22 23 24 | 24.8
Unarmed Combat | 3 |  3.2
Fighting       | 2 3 4 6 7 8 10 11 12 13 14 15 16 17 18 19 20 21 22 23 25 | 25.2
Shapeshifting  | 3 4 5 6 |  6.3
Ranged Weapons | 1 2 3 4 6 7 9 10 11 12 13 14 15 16 18 | 18.0
Invocations    | 3 7 10 12 14 15 17 18 19 20 | 20.0
Armour         | 1 5 7 8 9 10 11 12 | 12.0
Evocations     | 2 5 7 8 9 10 11 13 14 | 14.0
Spellcasting   | 4 6 |  6.0
Stealth        | 4 8 10 | 10.0
Ice Magic      | 3 5 |  5.6
Translocations | 3 5 7 9 |  9.4
Hexes          | 4 6 |  6.0

Action                     |  1- 3 |  4- 6 |  7- 9 | 10-12 | 13-15 | 16-18 | 19-21 | 22-24 | 25-27 || total
---------------------------+-------+-------+-------+-------+-------+-------+-------+-------+-------++-------
  Melee: Unarmed           |   107 |    17 |       |       |       |       |       |       |       ||   124
         Tailslap          |    10 |     4 |       |       |     1 |       |     1 |       |       ||    16
         Punch             |     4 |       |       |       |       |       |       |       |       ||     4
         Shortbow          |       |     5 |     3 |       |     3 |       |       |       |       ||    11
         Greatsling        |       |       |       |       |       |     1 |     2 |       |       ||     3
   Fire: Shortbow          |       |   210 |   378 |   860 |  1094 |       |       |       |       ||  2542
         Longbow           |       |       |       |       |   374 |       |       |       |       ||   374
         Greatsling        |       |       |       |       |   305 |  1518 |  2131 |  1789 |  1155 ||  6898
         Hand crossbow     |       |       |       |       |       |       |    15 |    35 |    29 ||    79
   Cast: Portal Projectile |       |       |       |       |       |       |       |     1 |     1 ||     2
         Ozocubu's Armour  |       |       |       |       |       |       |       |     9 |     1 ||    10
         Volatile Blastmot |       |       |       |       |       |       |       |       |     1 ||     1
 Invoke: Grow Ballistomyce |       |       |       |     1 |     8 |     3 |     4 |     1 |     2 ||    19
         Wall of Briars    |       |       |       |     1 |     9 |     3 |     8 |     4 |     4 ||    29
         Grow Oklob        |       |       |       |     1 |     3 |     4 |     8 |     6 |    13 ||    35
         Overgrow          |       |       |       |       |       |     1 |     1 |     4 |       ||     6
  Evoke: Wand              |       |       |     7 |       |     4 |     1 |     1 |     9 |    20 ||    42
         Phantom mirror    |       |       |       |       |       |       |     2 |       |       ||     2
    Use: Scroll            |     5 |     5 |     9 |     6 |     5 |     5 |    14 |    11 |     5 ||    65
         Potion            |     2 |       |       |     1 |     2 |     4 |     4 |     9 |     6 ||    28
 Armour: Animal skin       |    22 |       |       |       |       |       |       |       |       ||    22
         Ring mail         |     6 |    81 |   150 |    91 |       |       |       |       |       ||   328
         Steam dragon scal |       |       |       |    56 |    19 |       |       |       |       ||    75
         Troll leather arm |       |       |       |       |   149 |   142 |   221 |   133 |   124 ||   769
  Dodge: Dodged            |    68 |    77 |   177 |   455 |   723 |   497 |   692 |   592 |   946 ||  4227
         Form:             |       |       |       |       |       |     1 |       |       |       ||     1

Table legend: (Time is in decaauts)
 A = Elapsed time spent in this place.
 B = Non-inter-level travel time spent in this place.
 C = Inter-level travel time spent in this place.
 D = Time resting spent in this place.
 E = Time spent auto-exploring this place.
 F = Levels seen in this place.
 G = Mean time per level.
                   A        B        C        D        E       F      G
               +--------+--------+--------+--------+--------+-----+--------+
         Total |  74822 |  68049 |   6773 |   8279 |  42934 |  61 | 1226.6 |
       Dungeon |  21272 |  18340 |   2932 |   1882 |  12704 |  15 | 1418.1 |
        Temple |     26 |      2 |     24 |      0 |      0 |   1 |   26.0 |
          Lair |   8250 |   7247 |   1003 |   1115 |   4179 |   5 | 1650.0 |
         Swamp |   3304 |   3058 |    246 |    453 |   2013 |   4 |  826.0 |
     Snake Pit |   5155 |   4983 |    172 |    291 |   3793 |   4 | 1288.8 |
    Slime Pits |   1234 |   1055 |    179 |    153 |    147 |   5 |  246.8 |
  Orcish Mines |   3644 |   3422 |    222 |    727 |   1638 |   2 | 1822.0 |
   Elven Halls |   3647 |   3515 |    132 |    153 |   2537 |   3 | 1215.7 |
        Vaults |   9587 |   8704 |    883 |    730 |   6192 |   5 | 1917.4 |
         Crypt |      1 |      1 |      0 |      0 |      0 |   1 |    1.0 |
        Depths |   7228 |   6711 |    517 |    819 |   4454 |   4 | 1807.0 |
           Zot |   7451 |   6991 |    460 |   1235 |   4328 |   5 | 1490.2 |
         Abyss |    590 |    590 |      0 |      0 |    221 |   3 |  196.7 |
         Trove |     69 |     69 |      0 |      0 |      5 |   1 |   69.0 |
      Ice Cave |   1261 |   1261 |      0 |    524 |     89 |   1 | 1261.0 |
        Wizlab |    559 |    559 |      0 |     93 |     34 |   1 |  559.0 |
    Desolation |   1536 |   1536 |      0 |     98 |    596 |   1 | 1536.0 |
               +--------+--------+--------+--------+--------+-----+--------+

Top non-repeatable levels by time:
   Orc:2: 2578 daAuts
     D:8: 2551 daAuts
Vaults:4: 2271 daAuts
  Lair:3: 2133 daAuts
Depths:3: 2097 daAuts
Vaults:5: 2082 daAuts
  Lair:1: 2052 daAuts
Depths:2: 2048 daAuts
Vaults:2: 1948 daAuts
   Zot:1: 1919 daAuts
   Zot:4: 1895 daAuts
    D:11: 1889 daAuts
     D:9: 1755 daAuts
Vaults:3: 1724 daAuts
    D:14: 1714 daAuts
